 Dungeon Crawl Stone Soup version 0.24.1-14-gf8d2b509d9 (webtiles) character file.

Game seed: 11192123780077286334, levelgen mode: deterministic

175 Hugehornet the Insei (level 5, -5/33 HPs)
             Began as an Octopode Transmuter on May 22, 2020.
             Was an Initiate of Cheibriados.
             Slain by an orc
             ... wielding a +0 flail
              (6 damage)
             ... on level 3 of the Dungeon.
             The game lasted 00:04:26 (3085 turns).

Hugehornet the Insei (Octopode Transmuter)          Turns: 3085, Time: 00:04:27

Health: -5/33      AC:  1    Str: 10    XL:     5   Next: 55%
Magic:  9/9        EV: 13    Int: 18    God:    Cheibriados [......]
Gold:   54         SH:  0    Dex: 13    Spells: 0/10 levels left

rFire    + . .     SeeInvis .     - Unarmed
rCold    . . .     Gourm    .   (no shield)
rNeg     . . .     Faith    .   (helmet restricted)
rPois    .         Spirit   .   (no amulet)
rElec    .         Reflect  .   b - ring of protection from fire
rCorr    .         Harm     .   (no ring)
MR       .....                  (no ring)
Stlth    ++........             (no ring)
HPRegen  0.11/turn              (no ring)
MPRegen  0.11/turn              (no ring)
                                (no ring)
                                (no ring)

@: appendage (expiring), very slow
A: almost no armour, stealthy swim, amphibious, 8 rings, constrict 8, tentacle
spike 3, camouflage 1, gelatinous body 1
a: End Transformation, Bend Time, Renounce Religion


You were on level 3 of the Dungeon.
You worshipped Cheibriados.
Cheibriados was noncommittal.
You were hungry.
One of your tentacles had a temporary spike.
You visited 1 branch of the dungeon, and saw 3 of its levels.

You collected 54 gold pieces.

Inventory:

Missiles
 a - 12 arrows
Jewellery
 b - a ring of protection from fire (left tentacle)
Scrolls
 e - a scroll of teleportation {unknown}
 f - 3 scrolls of remove curse {unknown}
 g - a scroll of identify {unknown}
 i - a scroll of immolation {unknown}
Potions
 d - a potion of curing {unknown}
 h - a potion of mutation {unknown}
 j - a potion of berserk rage {unknown}
Comestibles
 c - 3 rations


   Skills:
 - Level 1.0 Fighting
 - Level 2.0 Dodging
 + Level 3.6 Unarmed Combat
 + Level 3.1 Spellcasting
 + Level 3.1 Transmutations
 * Level 1.0 Ice Magic
 - Level 3.0 Poison Magic


You couldn't memorise any spells.
You knew the following spells:

 Your Spells              Type           Power        Failure   Level  Hunger
a - Beastly Appendage     Tmut           ##....       4%          1    None
b - Sticks to Snakes      Tmut           ##......     7%          2    ##.....
c - Spider Form           Tmut/Pois      ##........   14%         3    ###....
d - Ice Form              Ice/Tmut       ##......     56%         4    ####...

Your spell library contained the following spells:

 Spells                   Type           Power        Failure   Level  Hunger
 Blade Hands              Tmut           ##........   77%         5    ######.


Dungeon Overview and Level Annotations

Branches:
Dungeon (3/15)

Altars:
Cheibriados
Fedhas
Uskayaw


Innate Abilities, Weirdness & Mutations

You cannot wear most types of armour.
You are very stealthy in the water. (Stealth+)
You are amphibious.
You can wear up to eight rings at the same time.
You can use your tentacles to constrict eight enemies at once.
Your skin changes colour to match your surroundings (Stealth+).
Your rubbery body absorbs attacks. (AC +1, EV +1)
One of your tentacles bears a large vicious spike.


Message History

You constrict the orc. The orc hits you with a +0 flail!
* * * LOW HITPOINT WARNING * * *
You release your grip on the orc.
Your transformation is almost over.
The bat hits you but does no damage. The bat hits you.
* * * LOW HITPOINT WARNING * * *
You tentacle-slap the bat. You grab the bat.
Your tentacle spike misses the bat.
The bat is severely wounded.
You constrict the bat, but do no damage.
The bat completely misses you.
The bat struggles to escape constriction.
You tentacle-slap the bat but do no damage.
You pierce the bat.
You kill the bat!
Cheibriados thoroughly appreciates the change of pace.
Your Ice Magic skill increases to level 1!
The orc hits you with a +0 flail.
You die...

. ... ###....
###########.......
#......@o.).......
#.#########......<
#<# ....... #.#
#.#.... #.# .# ...
#.# .# .. #.# # #
#.# #.#


You could see an orc.

Vanquished Creatures
  An orc priest (D:2)
  A worker ant (D:2)
  3 gnolls (D:2)
  2 adders (D:2)
  An ooze (D:2)
  2 worms (D:2)
  3 dart slugs
  5 orcs
  8 bats
  2 giant cockroaches
  8 goblins
  6 hobgoblins
  4 jackals (D:2)
  4 kobolds
  A frilled lizard (D:2)
  4 rats
55 creatures vanquished.

Notes
Turn   | Place    | Note
-------+----------+-------------------------------------------
     0 | D:1      | Hugehornet the Octopode Transmuter began the quest for the
                  | Orb.
     0 | D:1      | Reached XP level 1. HP: 13/13 MP: 3/3
   146 | D:1      | Reached XP level 2. HP: 13/18 MP: 3/5
   492 | D:1      | Reached XP level 3. HP: 10/23 MP: 4/6
   497 | D:1      | Learned a level 3 spell: Spider Form
   500 | D:1      | Learned a level 2 spell: Sticks to Snakes
   809 | D:2      | Noticed a +0 dagger
   810 | D:2      | Found a hide-covered altar of Uskayaw.
   810 | D:2      | Noticed a +0 dagger
   836 | D:2      | Found a blossoming altar of Fedhas.
  1108 | D:2      | Reached skill level 1 in Poison Magic
  1444 | D:2      | Reached XP level 4. HP: 12/28 MP: 6/8
  2159 | D:2      | Reached XP level 5. HP: 7/33 MP: 5/9
  2532 | D:2      | Learned a level 4 spell: Ice Form
  2787 | D:2      | Found a snail-covered altar of Cheibriados.
  2792 | D:2      | Became a worshipper of Cheibriados the Contemplative
  3082 | D:3      | HP: 1/33 [bat (1)]
  3084 | D:3      | Reached skill level 1 in Ice Magic
  3085 | D:3      | Slain by an orc

Levels and vault maps discovered:
D:1:      dpeg_arrival_simpleton_c, layout_rooms
D:2:      layout_loops_cross, cheibriados_altar_1, dancing_weapons_uskayaw,
          lemuel_coloured_pillars_altar, first_ration
D:3:      layout_basic

Skill      XL: |  1  2  3  4  5 |
---------------+----------------+-----
Transmutations | 3 |  3.1
Poison Magic   | 1 2 3 |  3.0
Spellcasting   | 3 |  3.1
Ice Magic      | 1 |  1.0
Fighting       | |  1.0
Dodging        | |  2.0
Unarmed Combat | |  3.6

Action                   |  1- 3 |  4- 6 || total
-------------------------+-------+-------++-------
Melee: Unarmed           |    77 |    62 ||   139
       Constrict         |    23 |    18 ||    41
       Tentacles         |    12 |    13 ||    25
       Kick              |    12 |    16 ||    28
       Punch             |     1 |     1 ||     2
 Cast: Beastly Appendage |    18 |    14 ||    32
       Spider Form       |       |     1 ||     1
 Stab: Sleeping          |     1 |     1 ||     2
  Eat: Chunk             |     2 |     5 ||     7
Armor: Skin              |     6 |     5 ||    11
Dodge: Dodged            |    55 |    38 ||    93
